Map: Línea Aguablanca EE

Players

MrFercho - Winner!

  • Race: Zerg Zerg
  • League: Silver
  • Spawn Location: 7:00

tigro - Winner!

  • Race: Terran Terran
  • League: Bronze
  • Spawn Location: 7:00

TATORREA - Winner!

  • Race: Protoss Protoss
  • League: Gold
  • Spawn Location: 6:00

RoyeFS

  • Race: Terran Terran
  • League: Silver
  • Spawn Location: 1:00

xinno

  • Race: Protoss Protoss
  • League: Bronze
  • Spawn Location: 12:00

SnakeEyes

  • Race: Terran Terran
  • League: Silver
  • Spawn Location: 1:00

VOD

Have the link to the VOD?

Description

Time

  • Played on: July 5, 2020, 11:26 p.m.
  • Length: 11:12
Show
View Real Time Build Order
Export as new Build Order

MrFercho Zerg - Winner!

Build Orders: Pool First, Lurkers 

Get SALT Encoding   

  12  0:03  Drone  
  13  0:13  Drone  
  14  0:33  Overlord  
  14  0:36  Extractor  
  14  0:38  Extractor  
  14  0:39  Drone x2  
  16  0:54  Spawning Pool  
  16  0:56  Drone  
  17  0:57  Drone  
  17  1:10  Drone  
  18  1:14  Extractor  
  17  1:35  Drone x2  
  19  1:40  Drone  
  19  1:43  Queen  
  22  1:52  Hatchery  
  22  1:53  Drone  
  23  2:24  Overlord  
  23  2:25  Overlord x2  
  23  2:28  Hatchery  
  22  2:35  Extractor  
  22  2:36  Drone  
  22  2:47  Drone  
  23  3:01  Metabolic Boost  
  23  3:03  Lair  
  23  3:05  Zergling x2  
  23  3:06  Zergling x6  
  27  3:16  Drone  
  27  4:17  Drone  
  27  4:18  Drone x6  
  27  4:20  Queen  
  36  4:28  Hydralisk Den  
  35  4:33  Drone x2, Infestation Pit  
  35  5:01  Extractor  
  35  5:03  Extractor  
  35  5:04  Zergling x6  
  35  5:05  Zergling x6  
  39  5:29  Drone x9  
  48  5:41  Muscular Augments  
  48  5:42  Hive  
  48  6:07  Hydralisk  
  48  6:09  Overlord x3  
  48  6:10  Overlord x3  
  48  6:46  Hydralisk x8  
  62  6:52  Grooved Spines  
  62  7:15  Drone x6  
  67  7:27  Lurker Den  
  67  7:29  Drone, Spire  
  67  7:30  Drone x2  
  68  7:52  Extractor, Hatchery, Hydralisk  
  68  7:53  Hydralisk x8  
  68  7:56  Extractor  
  83  8:01  Drone x2  
  83  8:03  Evolution Chamber x2  
  80  8:53  Overlord x4  
  80  8:58  Hydralisk x7  
  94  9:19  Hydralisk x5  
  104  9:38  Drone x8  
  108  10:05  Hydralisk x4  
  116  10:08  Mutalisk x2  
  120  10:39  Lurker  
  120  10:40  Lurker x6  
Show
View Real Time Build Order
Export as new Build Order

tigro Terran - Winner!

Build Orders:  

Get SALT Encoding   

  12  0:02  SCV  
  13  0:14  SCV  
  14  0:21  Supply Depot  
  14  0:27  SCV  
  15  0:35  Refinery  
  15  0:43  SCV  
  16  0:55  SCV  
  17  0:58  Barracks  
  17  1:07  SCV  
  18  1:14  Refinery  
  18  1:19  SCV  
  18  1:24  Supply Depot  
  19  1:31  SCV  
  20  1:43  SCV  
  20  1:46  Marine  
  22  1:55  SCV  
  23  2:04  Marine, Engineering Bay  
  23  2:07  SCV  
  25  2:19  SCV  
  25  2:22  Marine, Factory  
  27  2:38  Barracks  
  27  2:40  Marine, Terran Infantry Weapons Level 1  
  28  2:49  Orbital Command  
  28  2:58  Marine  
  29  3:10  Factory Tech Lab  
  29  3:23  Barracks Tech Lab  
  29  3:24  Command Center  
  29  3:27  Barracks Reactor  
  29  3:40  Starport  
  29  3:59  Combat Shield  
  29  4:13  Marine x3  
  32  4:22  Medivac  
  34  4:31  Marine x3  
  35  4:34  Terran Infantry Armor Level 1  
  35  4:37  SCV  
  35  4:38  Refinery  
  38  4:42  Refinery  
  38  4:48  Marine  
  38  4:49  SCV  
  40  5:03  Marine  
  40  5:04  Marine  
  40  5:06  Marine  
  42  5:18  Stimpack  
  42  5:21  Marine  
  42  5:22  Marine  
  42  5:24  Marine  
  45  5:39  Marine x2  
  47  5:48  Marine  
  48  5:55  Siege Tank  
  51  5:57  Marine x2  
  51  6:00  Starport Tech Lab  
  53  6:06  Marine  
  54  6:15  Marine x2  
  56  6:23  Marine  
  57  6:27  Siege Tank  
  58  6:33  Marine x2  
  59  6:41  Marine  
  48  6:51  Marine  
  45  6:58  SCV  
  46  7:10  SCV  
  47  7:17  Medivac  
  47  7:22  SCV  
  50  7:34  SCV  
  50  7:35  Supply Depot, Fusion Core  
  51  7:46  SCV  
  51  7:47  Medivac, Command Center, Starport  
  54  7:57  Supply Depot  
  54  7:58  Marine x3  
  57  8:16  Marine x3  
  60  8:27  Armory  
  60  8:33  Marine  
  60  8:34  Marine x2  
  61  8:39  Starport Tech Lab  
  63  8:41  Battlecruiser  
  69  8:51  Marine  
  70  9:02  Refinery  
  70  9:24  Battlecruiser  
  76  9:28  Marine x3  
  79  9:46  Marine x3, Battlecruiser  
  71  10:51  Marine x3  
Show
View Real Time Build Order
Export as new Build Order

TATORREA Protoss - Winner!

Build Orders:  

Get SALT Encoding   

  12  0:01  Probe  
  13  0:13  Probe  
  14  0:23  Pylon  
  14  0:25  Probe  
  15  0:41  Probe  
  16  0:54  Gateway  
  16  0:55  Probe  
  16  1:03  Probe  
  17  1:04  Assimilator  
  17  1:06  Pylon  
  18  1:11  Probe  
  19  1:23  Probe  
  19  1:35  Probe  
  19  1:38  Assimilator  
  20  1:44  Cybernetics Core  
  20  1:47  Probe  
  21  1:59  Probe  
  22  2:08  Nexus  
  22  2:12  Probe  
  23  2:19  Pylon  
  23  2:25  Probe  
  24  2:31  Stalker  
  24  2:32  Warp Gate  
  24  2:34  Probe  
  26  2:42  Probe  
  27  2:50  Robotics Facility  
  28  2:51  Probe  
  29  3:02  Sentry  
  29  3:03  Probe  
  32  3:11  Pylon  
  32  3:16  Pylon, Probe  
  33  3:22  Probe  
  34  3:30  Probe  
  35  3:35  Gateway  
  35  3:36  Probe  
  36  3:45  Immortal  
  40  3:50  Probe  
  40  3:51  Probe  
  42  4:10  Probe x2  
  44  4:22  Probe x2  
  46  4:30  Stalker  
  48  4:43  Probe x2  
  50  4:48  Assimilator  
  50  4:52  Stalker, Assimilator  
  52  4:53  Nexus  
  52  4:56  Pylon  
  52  4:57  Pylon  
  52  5:01  Pylon  
  52  5:04  Pylon  
  52  5:29  Stalker x2  
  52  5:31  Probe x2  
  58  5:43  Probe x2  
  60  5:57  Probe x2  
  60  6:02  Stalker x2  
  66  6:04  Gateway  
  66  6:06  Gateway  
  66  6:09  Gateway, Immortal  
  70  6:11  Gateway  
  70  6:14  Gateway  
  70  6:16  Gateway  
  70  6:18  Forge  
  70  6:19  Pylon, Probe x2  
  70  6:20  Probe  
  70  6:24  Pylon  
  73  6:27  Pylon  
  73  6:38  Probe x3  
  76  6:40  Stalker  
  76  6:41  Stalker  
  80  6:48  Immortal  
  80  6:53  Assimilator, Probe x3  
  87  6:59  Assimilator  
  87  7:09  Probe x3  
  90  7:25  Probe x3  
  93  7:31  Stalker x4  
  93  7:32  Nexus  
  93  7:34  Pylon  
  101  7:37  Pylon, Probe x3  
  104  7:47  Protoss Ground Weapons Level 1  
  104  7:49  Probe x2  
  104  7:50  Probe  
  107  7:59  Forge  
  107  8:00  Forge  
  107  8:01  Twilight Council, Probe  
  107  8:02  Probe x2  
  110  8:15  Stalker x3  
  110  8:16  Stalker x3  
  122  8:37  Probe  
  122  8:38  Probe x2  
  125  8:53  Protoss Ground Armor Level 1, Protoss Shields Level 1  
  125  8:55  Probe x2  
  127  8:56  Probe x2  
  127  8:57  Blink  
  127  8:58  Stalker x2  
  127  8:59  Stalker x4  
  127  9:00  Stalker x2  
  141  9:10  Immortal  
  135  9:37  Stalker  
  135  9:38  Stalker x3  
  139  9:39  Stalker x4  
  139  9:43  Assimilator  
  139  9:45  Assimilator  
  151  9:50  Immortal  
  155  9:55  Nexus  
  155  9:59  Pylon  
  155  10:00  Pylon  
  155  10:11  Pylon  
  155  10:13  Stalker x3  
  161  10:15  Stalker, Pylon  
  161  10:17  Pylon  
  161  10:21  Pylon  
  163  10:25  Pylon  
  163  10:30  Probe x2  
  163  10:31  Probe  
  163  10:32  Pylon  
  170  10:46  Gateway  
  170  10:47  Stalker x4  
  170  10:48  Stalker x2  
  170  10:49  Stalker, Gateway  
  184  10:50  Stalker  
  184  10:53  Gateway  
  184  10:56  Gateway  
Show
View Real Time Build Order
Export as new Build Order

RoyeFS Terran 

Build Orders: Gas First Reaper Expand 

Get SALT Encoding   

  12  0:01  SCV  
  13  0:13  SCV  
  14  0:26  Supply Depot  
  14  0:28  Refinery  
  14  0:29  SCV  
  15  0:48  SCV  
  16  0:50  Barracks  
  16  1:14  SCV  
  17  1:26  SCV  
  18  1:38  Orbital Command  
  18  1:40  Reaper  
  19  1:50  Command Center  
  19  2:02  Factory  
  19  2:07  SCV  
  20  2:14  Refinery  
  20  2:19  Barracks Reactor  
  20  2:33  SCV  
  21  2:45  SCV  
  22  2:54  Supply Depot  
  22  2:57  Supply Depot  
  22  3:00  Starport  
  22  3:11  Orbital Command  
  22  3:15  SCV  
  23  3:20  Factory Reactor  
  23  3:27  SCV  
  24  3:40  SCV  
  25  3:48  Refinery  
  25  3:52  SCV  
  25  3:58  SCV  
  25  4:01  Hellion x2  
  30  4:04  SCV  
  31  4:10  SCV  
  31  4:11  Viking  
  31  4:15  Viking  
  31  4:16  SCV  
  37  4:22  SCV  
  37  4:28  SCV  
  37  4:34  SCV  
  38  4:40  SCV  
  39  4:46  SCV  
  40  4:53  Viking x2  
  40  4:58  SCV x2  
  42  5:10  Supply Depot x2, SCV  
  42  5:12  Supply Depot, Refinery  
  43  5:23  Viking x2  
  43  5:27  Starport  
  47  5:37  Armory  
  47  5:42  SCV  
  48  5:44  SCV  
  49  5:54  SCV  
  49  5:56  Viking x2, SCV  
  55  6:04  Factory Tech Lab  
  55  6:06  SCV  
  55  6:08  SCV  
  57  6:15  Viking x2  
  57  6:18  SCV  
  62  6:21  SCV  
  63  6:30  SCV  
  68  6:33  SCV  
  69  6:42  SCV  
  69  6:45  Viking x2, SCV  
  60  6:54  SCV  
  60  6:57  SCV  
  62  7:06  SCV  
  63  7:09  SCV  
  63  7:10  Starport  
  63  7:13  Starport  
  63  7:18  SCV  
  63  7:20  Terran Ship Weapons Level 1  
  63  7:21  SCV  
  65  7:30  SCV  
  65  7:33  SCV  
  67  7:43  SCV  
  68  7:45  SCV  
  69  7:55  SCV  
  70  8:00  Starport Reactor x2  
  70  8:07  SCV x2  
  70  8:08  Siege Tank  
  70  8:09  Factory  
  67  8:19  SCV x2  
  65  8:31  Viking x2  
  57  8:49  Armory  
  57  8:54  Engineering Bay  
  57  8:58  Supply Depot  
  57  9:00  Supply Depot  
  57  9:01  Viking x2, Supply Depot  
  57  9:02  Supply Depot  
  61  9:04  Supply Depot  
  61  9:06  Supply Depot  
  61  9:08  Supply Depot x2  
  61  9:12  SCV x2  
  61  9:13  Command Center  
  63  9:20  Factory Tech Lab  
  63  9:22  Supply Depot, Siege Tank  
  63  9:24  Viking, Supply Depot, SCV x2  
  66  9:25  Viking x2, Supply Depot  
  66  9:26  Viking, Supply Depot  
  66  9:28  Supply Depot  
  76  9:31  Viking x2  
  76  9:36  SCV x2  
  82  9:48  SCV  
  77  9:54  Viking  
  73  10:00  Siege Tank  
  73  10:01  Siege Tank  
  63  10:27  Viking  
  63  10:28  Viking x2  
  69  10:41  SCV x2  
  68  10:53  SCV  
Show
View Real Time Build Order
Export as new Build Order

xinno Protoss 

Build Orders:  

Get SALT Encoding   

  12  0:11  Pylon  
  12  0:13  Probe  
  13  0:25  Probe  
  14  0:31  Gateway  
  15  0:50  Probe  
  15  1:02  Assimilator, Probe  
  16  1:14  Probe  
  17  1:20  Cybernetics Core  
  17  1:42  Probe  
  18  1:54  Assimilator, Probe  
  19  1:58  Warp Gate  
  19  2:02  Gateway  
  19  2:05  Gateway  
  19  2:08  Gateway  
  19  2:11  Pylon  
  19  2:13  Probe  
  20  2:25  Probe  
  21  2:38  Probe  
  22  2:44  Pylon  
  22  3:00  Probe  
  22  3:05  Twilight Council  
  23  3:09  Forge  
  23  3:13  Pylon x2  
  23  3:26  Stalker  
  23  3:27  Stalker  
  27  4:13  Stalker x3  
  27  4:14  Stalker  
  35  4:31  Stalker x4  
  43  5:07  Protoss Ground Weapons Level 1  
  43  5:09  Blink  
  43  5:17  Pylon  
  43  5:19  Pylon  
  43  5:27  Stalker x3  
  49  5:34  Stalker  
  51  6:02  Pylon  
  51  6:05  Pylon  
  51  6:11  Pylon  
  51  6:16  Photon Cannon  
  51  6:24  Photon Cannon  
  51  6:31  Photon Cannon  
  51  7:26  Photon Cannon  
  51  7:30  Photon Cannon  
  51  7:37  Photon Cannon  
  51  7:53  Protoss Ground Weapons Level 2  
  51  7:56  Nexus  
  51  8:31  Stalker x2  
  51  8:32  Stalker x2  
  59  8:43  Charge  
  56  9:16  Probe  
  43  9:23  Stalker x2  
  37  9:28  Probe  
  38  9:40  Probe  
  35  9:47  Stalker x2  
  32  9:52  Probe  
  30  10:04  Probe  
  27  10:09  Stalker x2  
  27  10:11  Stalker  
  32  10:20  Stalker  
Show
View Real Time Build Order
Export as new Build Order

SnakeEyes Terran 

Build Orders:  

Get SALT Encoding   

  12  0:20  Supply Depot  
  12  0:42  Supply Depot  
  12  0:55  SCV  
  13  1:07  SCV  
  14  1:19  SCV  
  15  1:31  SCV  
  16  1:43  SCV  
  17  1:56  SCV  
  18  2:14  Barracks  
  18  2:18  Command Center  
  18  2:24  SCV  
  19  2:37  SCV  
  20  2:39  Refinery  
  20  2:42  Refinery  
  20  2:47  Refinery  
  20  2:49  SCV  
  21  3:00  Supply Depot  
  21  3:07  Marine  
  22  3:20  Command Center  
  22  3:28  SCV  
  23  3:51  Marine  
  24  4:09  Marine  
  23  4:27  Marine  
  24  4:37  Factory  
  24  5:05  SCV  
  19  5:39  SCV  
  19  5:42  SCV  
  21  5:51  SCV  
  21  5:54  Barracks, SCV  
  23  6:03  SCV  
  24  6:06  Barracks, SCV  
  25  6:15  SCV  
  25  6:18  Refinery  
  27  6:21  Refinery  
  26  6:27  SCV  
  26  6:28  SCV  
  28  6:39  SCV  
  28  6:51  SCV x2  
  30  7:04  Barracks Reactor  
  30  7:20  Barracks Tech Lab  
  30  7:37  SCV  
  30  7:41  SCV  
  32  7:45  Barracks Reactor  
  32  7:48  Marine  
  33  7:58  SCV  
  34  8:11  SCV  
  34  8:12  Factory  
  35  8:21  Engineering Bay  
  35  8:23  SCV  
  36  8:28  Engineering Bay  
  36  8:35  SCV  
  36  8:39  Marine  
  36  8:40  Marine x2  
  40  8:57  Marine  
  40  8:58  Marine x2  
  40  8:59  Factory Tech Lab  
  43  9:09  Armory  
  43  9:10  Orbital Command  
  43  9:12  Orbital Command  
  43  9:15  Marine x2, Terran Infantry Weapons Level 1  
  43  9:16  Terran Infantry Armor Level 1  
  41  9:50  Supply Depot  
  37  9:53  Supply Depot  
  37  9:55  Supply Depot  
  37  9:59  Supply Depot  
Tags
 
Add a new tag
Caveats
  • Supply blocks, unpowered buildings, or Contaminate may cause inaccurate times.
  • Supply counts are checked every 10 seconds.